 Dungeon Crawl Stone Soup version 0.30-a0-802-gb92711bcdf (webtiles) character file.

Game seed: 14496362120655471569

212 Sabo the Shooter (level 5, -2/38 HPs)
             Began as a Gnoll Wanderer on Feb 24, 2023.
             Slain by Sigmund
             ... wielding a +0 scythe of venom
              (7 damage)
             ... on level 5 of the Dungeon.
             The game lasted 00:19:13 (3122 turns).

Sabo the Shooter (Gnoll Wanderer)                   Turns: 3122, Time: 00:19:13

Health: -2/38      AC:  5    Str: 14    XL:     5   Next: 90%
Magic:  5/9        EV: 12    Int: 11    God:
Gold:   208        SH:  0    Dex: 11    Spells: 9/10 levels left

rFire   . . .      SeeInvis .    r - +4 quarterstaff
rCold   . . .      Faith    .    (shield currently unavailable)
rNeg    . . .      Spirit   .    d - +0 leather armour
rPois   .          Reflect  .    (no helmet)
rElec   .          Harm     .    s - +0 cloak
rCorr   .          Rampage  .    (no gloves)
Will    .....                    j - +0 pair of boots
Stlth   +                        (no amulet)
HPRegen 0.26/turn                (no ring)
MPRegen 0.11/turn                (no ring)

@: confused, lethally poisoned (-2 -> -11), hasted, very quick
A: fangs 1, strong nose, distributed training
a: no special abilities


You were on level 5 of the Dungeon.
You visited 1 branch of the dungeon, and saw 5 of its levels.

You collected 244 gold pieces.
You spent 36 gold pieces at shops.

Inventory:

Hand Weapons
 a - a +0 shortbow
 r - a +4 quarterstaff (weapon)
 y - a +2 sling of draining
Missiles
 n - 7 boomerangs (quivered)
 B - a boomerang of dispersal
Armour
 d - a +0 leather armour (worn)
 h - a +0 scale mail
 j - a +0 pair of boots (worn)
 s - a +0 cloak (worn)
Magical Staves
 k - a staff of death
Jewellery
 m - a ring of fire
Scrolls
 e - a scroll of amnesia
 f - a scroll of blinking
 i - a scroll of fog
 o - 2 scrolls of teleportation
 q - a scroll of fear
 w - a scroll of enchant weapon {unknown}
 A - a scroll of silence {unknown}
Potions
 c - a potion of haste
 g - 4 potions of curing
 l - a potion of resistance {unknown}
 p - a potion of mutation {unknown}
 t - a potion of flight {unknown}
 u - a potion of magic {unknown}
 v - a potion of brilliance {unknown}
 x - a potion of invisibility {unknown}
 z - a potion of might {unknown}
Miscellaneous
 b - a piece from Xom's chessboard (15/15)


   Skills:
 + Level 1.7 Fighting
 + Level 1.7 Short Blades
 + Level 1.7 Long Blades
 + Level 1.7 Axes
 + Level 1.7 Maces & Flails
 + Level 1.7 Polearms
 + Level 1.7 Staves
 + Level 6.7 Ranged Weapons
 + Level 1.7 Throwing
 + Level 1.7 Armour
 + Level 3.1 Dodging
 + Level 2.9 Stealth
 + Level 1.7 Shields
 + Level 1.7 Unarmed Combat
 + Level 3.3 Spellcasting
 + Level 1.3 Conjurations
 + Level 1.3 Hexes
 + Level 1.3 Summonings
 + Level 1.3 Necromancy
 + Level 1.3 Translocations
 + Level 1.3 Transmutations
 + Level 1.3 Fire Magic
 + Level 1.3 Ice Magic
 + Level 4.0 Air Magic
 + Level 1.3 Earth Magic
 + Level 1.3 Poison Magic
 + Level 2.0 Invocations
 + Level 4.9 Evocations


You had 9 spell levels left.
You knew the following spells:

 Your Spells              Type           Power      Damage    Failure   Level
a - Shock                 Conj/Air       28%        1d4       11%         1

Your spell library contained the following spells:

 Spells                   Type           Power      Damage    Failure   Level
 Cigotuvi's Dreadful Rot  Necr/Pois/Air  12%        N/A       19%         2
 Vhi's Electric Charge    Tloc/Air       14%        N/A       30%         3
 Dispel Undead            Necr           4%         3d7       87%         4
 Death Channel            Necr           2%         N/A       100%        6


Dungeon Overview and Level Annotations

Branches:
Dungeon (6/15)
 Temple: D:4-7

Altars:
Kikubaaqudgha

Shops:
D:1 !

Annotations:
D:3 2 runed translucent doors, Foxy's ghost, amateur KoHs
D:5 Sigmund


Innate Abilities, Weirdness & Mutations

You have very sharp teeth.
Your uncanny sense of smell can sniff out nearby items.
Your experience applies equally to all skills.


Message History

Unknown command.
You're too confused to cast spells.
You feel yourself speed up. Sigmund hits you but does no damage.
You are poisoned.
You bump into the rock wall.
You feel sick.
Sigmund gestures wildly while chanting.
Sigmund flickers and vanishes!
Deactivating autopickup; reactivate with Ctrl-A.
You feel sick.
You closely miss something. Something hits you!
You are more poisoned.
You bump into the rock wall.
You feel very sick.
Your magical contamination has completely faded away.
You miss something.
You feel sick. Something hits you but does no damage.
You are more poisoned.
You miss something.
You feel very sick.
You bump into the rock wall.
You feel sick. Something hits you but does no damage.
You are lethally poisoned!
You bump into the rock wall.
You feel very sick.
You sock something!
You feel less confused.
* * * LOW HITPOINT WARNING * * *
You feel very sick. Something completely misses you.
You hit something. You bite something.
* * * LOW HITPOINT WARNING * * *
You feel very sick.
You hit something.
* * * LOW HITPOINT WARNING * * *
You feel sick.
You hear some strange, mumbled words.
You are confused.
You barely miss something.
* * * LOW HITPOINT WARNING * * *
You feel sick. Something hits you!
You die...

.#.##..........#.#
#.#.#.......##.#.#
##.#####.#####.#.#####
##.### #.# #.#.....#
.....###.# #.#...#
####..##.# #.#.#
.........# #.#.#
.#####..## #.#{#
.....##..#####.#@# ∆ #
#...........#.#.# # ..
....##.........#.#
.#.. ## #.#.###.###.#
#..# #.#.#
#.#.#.##...# #.#..
#.#........#
#.##.##.####.#..### #.
.##.)..)......#
#......#####.#.##.#


There were no monsters in sight!

Vanquished Creatures
  An ice beast (D:5)
  A gnoll (D:1)
  6 adders
  A worm (D:2)
  2 dart slugs
  5 orcs
  5 ball pythons
  2 giant cockroaches (D:2)
  4 goblins
  4 hobgoblins
  2 kobolds
  3 quokkas
  3 bats
  11 frilled lizards
  4 rats
54 creatures vanquished.

Notes
Turn   | Place    | Note
-------+----------+-------------------------------------------
     0 | D:1      | Sabo the Gnoll Wanderer began the quest for the Orb.
     0 | D:1      | Sabo set off with the following items: a +0 shortbow, a
                  | piece from Xom's chessboard (15/15), a potion of haste, a
                  | +0 leather armour; and the following spell memorised:
                  | Shock; and the following spells available to memorise:
                  | Vhi's Electric Charge.
     0 | D:1      | Reached XP level 1. HP: 13/13 MP: 4/4
   156 | D:1      | Reached XP level 2. HP: 15/19 MP: 0/5
   540 | D:1      | Reached XP level 3. HP: 25/25 MP: 7/7
   937 | D:1      | Found Plog's Distillery.
   958 | D:1      | Bought a potion of curing for 36 gold pieces
  1264 | D:2      | Reached skill level 1 in Invocations
  1323 | D:2      | Reached skill level 1 in Fighting
  1323 | D:2      | Reached skill level 1 in Short Blades
  1323 | D:2      | Reached skill level 1 in Long Blades
  1323 | D:2      | Reached skill level 1 in Axes
  1323 | D:2      | Reached skill level 1 in Maces & Flails
  1323 | D:2      | Reached skill level 1 in Polearms
  1323 | D:2      | Reached skill level 1 in Staves
  1323 | D:2      | Reached skill level 1 in Throwing
  1323 | D:2      | Reached skill level 1 in Armour
  1323 | D:2      | Reached skill level 1 in Shields
  1323 | D:2      | Reached skill level 1 in Unarmed Combat
  1470 | D:2      | Reached XP level 4. HP: 29/32 MP: 1/8
  1893 | D:2      | Reached skill level 1 in Conjurations
  1893 | D:2      | Reached skill level 1 in Hexes
  1893 | D:2      | Reached skill level 1 in Summonings
  1893 | D:2      | Reached skill level 1 in Necromancy
  1893 | D:2      | Reached skill level 1 in Translocations
  1893 | D:2      | Reached skill level 1 in Transmutations
  1893 | D:2      | Reached skill level 1 in Fire Magic
  1893 | D:2      | Reached skill level 1 in Ice Magic
  1893 | D:2      | Reached skill level 1 in Earth Magic
  1893 | D:2      | Reached skill level 1 in Poison Magic
  1919 | D:2      | Found an ancient bone altar of Kikubaaqudgha.
  2272 | D:3      | Found a large runed translucent door.
  2272 | D:3      | Found a large runed translucent door.
  2285 | D:3      | Noticed Foxy's ghost (amateur KoHs)
  2563 | D:3      | You fall into a shaft and drop 3 floors!
  2570 | D:6      | Noticed an ice beast
  2683 | D:6      | Noticed a bullfrog
  2780 | D:6      | Reached XP level 5. HP: 35/37 MP: 5/9
  2830 | D:5      | Entered Level 5 of the Dungeon
  2953 | D:5      | Noticed an ice beast
  2969 | D:5      | Killed an ice beast
  3100 | D:5      | Noticed Sigmund
  3122 | D:5      | Slain by Sigmund

Illustrated notes

Levels and vault maps discovered:
D:1:      dpeg_arrival_three_same_balls, layout_basic, serial_shops, shop
D:2:      layout_rooms, basic_altar
D:3:      layout_loops_ring, ebering_ghost_disaster_area
D:5:      nicolae_BIG_FREAKIN_CUBE, layout_basic, led_xom_imps, minivault_23,
          uniq_sigmund, uniq_ijyb, uniq_duvessa, uniq_grinder
D:6:      layout_basic, grunt_gozag_statues, mainiacjoe_overflow_swirl,
          serial_bayou, serial_bayou_pond_b, serial_bayou_pond_c,
          serial_bayou_shore_a, serial_bayou_lagoon_a, serial_bayou_pond_e,
          serial_bayou_pond_a, minmay_checkerbox

Skill      XL: |  1  2  3  4  5 |
---------------+----------------+-----
Invocations    | 1 2 |  2.0
Fighting       | 1 |  1.7
Short Blades   | 1 |  1.7
Long Blades    | 1 |  1.7
Axes           | 1 |  1.7
Maces & Flails | 1 |  1.7
Polearms       | 1 |  1.7
Staves         | 1 |  1.7
Throwing       | 1 |  1.7
Armour         | 1 |  1.7
Shields        | 1 |  1.7
Unarmed Combat | 1 |  1.7
Spellcasting   | 3 |  3.3
Conjurations   | 1 |  1.3
Hexes          | 1 |  1.3
Summonings     | 1 |  1.3
Necromancy     | 1 |  1.3
Translocations | 1 |  1.3
Transmutations | 1 |  1.3
Fire Magic     | 1 |  1.3
Ice Magic      | 1 |  1.3
Earth Magic    | 1 |  1.3
Poison Magic   | 1 |  1.3
Dodging        | 3 |  3.1
Air Magic      | 4 |  4.0
Ranged Weapons | |  6.7
Stealth        | |  2.9
Evocations     | |  4.9

Action                     |  1- 3 |  4- 6 || total
---------------------------+-------+-------++-------
  Melee: Quarterstaff      |    10 |    45 ||    55
         Bite              |       |     4 ||     4
   Fire: Shortbow          |    34 |       ||    34
  Throw: Boomerang         |     3 |     1 ||     4
   Cast: Shock             |    41 |    49 ||    90
    Use: Scroll            |       |     7 ||     7
         Potion            |       |     1 ||     1
 Armour: Leather armour    |    14 |    20 ||    34
  Dodge: Dodged            |    25 |    25 ||    50

Table legend: (Time is in decaauts)
 A = Elapsed time spent in this place.
 B = Non-inter-level travel time spent in this place.
 C = Inter-level travel time spent in this place.
 D = Time resting spent in this place.
 E = Time spent auto-exploring this place.
 F = Levels seen in this place.
 G = Mean time per level.
                   A        B        C        D        E       F      G
               +--------+--------+--------+--------+--------+-----+--------+
         Total |   3137 |   3137 |      0 |   1098 |     20 |   5 |  627.4 |
       Dungeon |   3137 |   3137 |      0 |   1098 |     20 |   5 |  627.4 |
               +--------+--------+--------+--------+--------+-----+--------+

Top non-repeatable levels by time:
     D:1: 1229 daAuts
     D:2: 1022 daAuts
     D:3: 326 daAuts
     D:5: 290 daAuts
     D:6: 268 daAuts
